 Dungeon Crawl Stone Soup version 0.30-a0-972-gf3ab3527aa (webtiles) character file.

Game seed: 15245048836502543542

147 NinjaNoafa the Changer (level 5, -4/33 HPs)
             Began as an Octopode Transmuter on Mar 31, 2023.
             Slain by an orc
             ... wielding a +0 mace
              (7 damage)
             ... on level 3 of the Dungeon.
             The game lasted 00:03:45 (1966 turns).

NinjaNoafa the Changer (Octopode Transmuter)        Turns: 1966, Time: 00:03:46

Health: -4/33      AC:  1    Str: 10    XL:     5   Next: 29%
Magic:  6/9        EV: 13    Int: 17    God:
Gold:   238        SH:  0    Dex: 12    Spells: 7/10 levels left

rFire   . . .      SeeInvis .      - Unarmed
rCold   . . .      Faith    .    (no shield)
rNeg    . . .      Spirit   .    (helmet currently unavailable)
rPois   .          Reflect  .    e - amulet of regeneration
rElec   .          Rampage  .    (no ring)
rCorr   .                        (no ring)
Will    .....                    (no ring)
Stlth   ++                       (no ring)
HPRegen 1.05/turn                (no ring)
MPRegen 0.11/turn                (no ring)
                                 (no ring)
                                 (no ring)

@: appendages, wereblooded
A: tentacle spike 3, almost no armour, amphibious, 8 rings, camouflage 1,
gelatinous body 1, (nimble swimmer 1), tentacles
a: End Transformation


You were on level 3 of the Dungeon.
One of your tentacles had grown a beastly spike.
You visited 1 branch of the dungeon, and saw 3 of its levels.

You collected 238 gold pieces.

Inventory:

Missiles
 n - 6 poisoned darts
Jewellery
 e - an amulet of regeneration (around mantle)
Wands
 k - a wand of charming (11)
Scrolls
 b - a scroll of blinking {unknown}
 d - a scroll of noise {unknown}
 g - 2 scrolls of teleportation {unknown}
 l - 2 scrolls of identify {unknown}
 m - 2 scrolls of silence {unknown}
Potions
 a - 2 potions of lignification
 c - a potion of curing
 f - a potion of mutation {unknown}
 h - a potion of experience {unknown}
 i - a potion of brilliance {unknown}
 j - 2 potions of heal wounds {unknown}


   Skills:
 - Level 1.0 Fighting
 - Level 2.0 Dodging
 - Level 3.0 Unarmed Combat
 - Level 3.0 Spellcasting
 + Level 4.7 Transmutations


You had 7 spell levels left.
You knew the following spells:

 Your Spells              Type           Power      Damage    Failure   Level
a - Beastly Appendage     Tmut           36%        N/A       2%          1
b - Wereblood             Tmut           18%        N/A       3%          2

Your spell library contained the following spells:

 Spells                   Type           Power      Damage    Failure   Level
 Spider Form              Tmut/Pois      10%        N/A       21%         3
 Blink                    Tloc           4%         N/A       26%         2
 Portal Projectile        Hex/Tloc       4%         N/A       45%         3
 Tukima's Dance           Hex            2%         N/A       45%         3
 Ice Form                 Ice/Tmut       10%        N/A       54%         4
 Blade Hands              Tmut           9%         N/A       56%         5
 Manifold Assault         Tloc           2%         N/A       86%         4
 Storm Form               Tmut/Air       5%         N/A       100%        7


Dungeon Overview and Level Annotations

Branches:
Dungeon (3/15)

Altars:
Kikubaaqudgha


Innate Abilities, Weirdness & Mutations

One of your tentacles has grown a beastly spike.
You cannot wear most types of armour.
You are amphibious.
You can wear up to eight rings at the same time.
Your skin changes colour to match your surroundings (Stealth+).
Your rubbery body absorbs attacks. (AC +1, EV +1)
((You are camouflaged when in or above water. (Stealth+)))
You have tentacles for arms and can constrict up to eight enemies at once.


Message History

Confirm with . or Enter, or press ? or * to list all spells.
Your blood is infused with primal strength.
The orc wizard shouts!
The orc shouts!
You hear a shout!
The orc wizard gestures at you while chanting.
The magic dart hits you!
You hear a shout!
Casting: Wereblood (safe; 3% risk of failure)
Confirm with . or Enter, or press ? or * to list all spells.
One of your tentacles grows a vicious spike.
An orc and an orc priest come into view.
You barely miss the orc wizard. Your grab misses the orc wizard.
Your tentacle spike misses the orc wizard.
The orc wizard misses you.
You closely miss the orc wizard. Your grab misses the orc wizard.
Your tentacle spike misses the orc wizard.
You squeeze the orc wizard.
The orc wizard is moderately wounded.
The orc misses you.
The orc priest attacks as you move away!
The orc priest hits you with a +0 dagger.
The orc attacks as you move away! The orc hits you but does no damage.
The orc wizard attacks as you move away!
The orc wizard hits you with a +0 dagger.
The orc wizard gestures at you while chanting.
You resist with some effort.
The orc priest invokes the aid of Beogh against you.
Beogh smites you!
* * * LOW HITPOINT WARNING * * *
The orc wizard points at you and mumbles some strange words.
The puff of flame hits you!
* * * LOW HITPOINT WARNING * * *
You tentacle-slap the orc wizard. You grab the orc wizard.
You pierce the orc wizard, but do no damage.
You squeeze the orc wizard.
The orc wizard is heavily wounded.
You constrict the orc wizard.
The orc wizard hits you with a +0 dagger.
* * * LOW HITPOINT WARNING * * *
The orc hits you with a +0 mace!
You die...

#.....#......#............#......
##.####......#........##.....†...
.............######..............
.............# #..............
.............# #..............
.............## #..............
#######.......# #........##.### #
#######.##########.####.... #
#..o@### #. ##### # ####oo.# #
#... # #!....... #... # .o.......
#... # .......... #... # ### ###
####........ #...
####8###8###8###........ #.##
8#............##.##...## ##8
†.............⌠#.# .... ##..


You could see an orc priest, an orc wizard and 2 orcs.

Vanquished Creatures
  Jessica (D:3)
  Ijyb (D:3)
  Natasha (twice) (D:3)
  A dart slug (D:1)
  7 ball pythons
  4 endoplasms
  3 giant cockroaches
  4 goblins
  7 hobgoblins
  2 quokkas
  5 bats
  3 frilled lizards
  3 kobolds
  2 rats
45 creatures vanquished.

Vanquished Creatures (others)
  A human (D:3)
1 creature vanquished.

Grand Total: 46 creatures vanquished

Notes
Turn   | Place    | Note
-------+----------+-------------------------------------------
     0 | D:1      | NinjaNoafa the Octopode Transmuter began the quest for the
                  | Orb.
     0 | D:1      | Reached XP level 1. HP: 13/13 MP: 3/3
   285 | D:1      | Reached XP level 2. HP: 18/18 MP: 3/5
   314 | D:1      | Learned a level 2 spell: Wereblood
   954 | D:2      | Reached XP level 3. HP: 23/23 MP: 6/6
  1241 | D:2      | Reached skill level 3 in Transmutations
  1662 | D:3      | Noticed Natasha
  1668 | D:3      | Killed Natasha
  1669 | D:3      | Reached XP level 4. HP: 28/28 MP: 3/8
  1674 | D:3      | Noticed Jessica
  1681 | D:3      | Killed Jessica
  1682 | D:3      | Reached skill level 4 in Transmutations
  1763 | D:3      | Noticed Ijyb
  1800 | D:3      | Killed Ijyb
  1801 | D:3      | Reached XP level 5. HP: 28/33 MP: 7/9
  1840 | D:3      | Found an ancient bone altar of Kikubaaqudgha.
  1882 | D:3      | Noticed Natasha
  1890 | D:3      | Killed Natasha
  1937 | D:3      | Noticed a human
  1938 | D:3      | Killed a human
  1966 | D:3      | Slain by an orc

Illustrated notes

Levels and vault maps discovered:
D:1:      dpeg_arrival_simpleton_a, layout_basic
D:2:      layout_basic
D:3:      layout_basic, tgw_kikubaaqudgha, serial_corexii_hall,
          corexii_hall_statues_deadend, chequers_hall_statues_y,
          corexii_hall_statues_t, chequers_hall_statues_wall_a,
          minmay_misc_feat_pillars, uniq_natasha, uniq_jessica, uniq_ijyb

Skill      XL: |  1  2  3  4 |
---------------+-------------+-----
Transmutations | 3 4 |  4.7
Spellcasting   | 3 |  3.0
Fighting       | |  1.0
Dodging        | |  2.0
Unarmed Combat | |  3.0

Action                     |  1- 3 |  4- 6 || total
---------------------------+-------+-------++-------
  Melee: Unarmed           |    72 |    28 ||   100
         Constrict         |    22 |     5 ||    27
         Tentacles         |    11 |     9 ||    20
         Kick              |    18 |     6 ||    24
         Punch             |     1 |     1 ||     2
   Cast: Beastly Appendage |    20 |     6 ||    26
         Wereblood         |    16 |     5 ||    21
    Use: Potion            |       |     1 ||     1
   Stab: Sleeping          |     4 |       ||     4
 Armour: Skin              |    10 |    14 ||    24
  Dodge: Dodged            |    47 |    13 ||    60

Table legend: (Time is in decaauts)
 A = Elapsed time spent in this place.
 B = Non-inter-level travel time spent in this place.
 C = Inter-level travel time spent in this place.
 D = Time resting spent in this place.
 E = Time spent auto-exploring this place.
 F = Levels seen in this place.
 G = Mean time per level.
                   A        B        C        D        E       F      G
               +--------+--------+--------+--------+--------+-----+--------+
         Total |   1965 |   1906 |     59 |      0 |   1384 |   3 |  655.0 |
       Dungeon |   1965 |   1906 |     59 |      0 |   1384 |   3 |  655.0 |
               +--------+--------+--------+--------+--------+-----+--------+

Top non-repeatable levels by time:
     D:1: 882 daAuts
     D:2: 618 daAuts
     D:3: 464 daAuts
